 Dungeon Crawl Stone Soup version 0.14-a0-1773-ge500af7 (webtiles) character file.

54033 ReteAZ the Bludgeoner (level 14, -6/96 HPs)
             Began as a Gargoyle Gladiator on Jan 6, 2014.
             Was the Champion of Makhleb.
             Killed from afar by an ice dragon (17 damage)
             ... with a blast of cold
             ... on Level 8 of the Lair of Beasts.
             The game lasted 02:08:41 (19553 turns).

ReteAZ the Bludgeoner (Gargoyle Gladiator)         Turns: 19553, Time: 02:08:41

HP  -6/96        AC 34     Str 28      XL: 14   Next: 65%
MP  20/20        EV  9     Int  9      God: Makhleb [******]
Gold 1218        SH 25     Dex 10      Spells:  0 memorised, 13 levels left

rFire  . . .     SeeInvis .     P - +1,+0 dwarf flail
rCold  . . .     Clarity  .     S - +0 plate armour
rNeg   + . .     Conserve +     c - +0 shield
rPois  +         rCorr    .     X - +2 helmet
rElec  +         rRot     +     (no cloak)
SustAb . .       Spirit   .     (no gloves)
rMut   .         Warding  .     O - +0 pair of dwarf boots
Saprov . . .     Stasis   .     h - amulet of conservation
                                A - +3 ring of evasion
                                D - +6 ring of strength

@: flying, somewhat resistant to hostile enchantments, extremely unstealthy
A: large and strong wings, talons 1, iridescent scales 1, molten scales 1, dopey
1, life protection 1, sense surroundings 1, regeneration 1, electricity
resistance, spit poison 1, wild magic 1, unbreathing, petrification resistance,
AC +9
a: Spit Poison, Stop Flying, Minor Destruction, Lesser Servant of Makhleb, Major
Destruction, Greater Servant of Makhleb, Renounce Religion


You were on level 8 of the Lair of Beasts.
You worshipped Makhleb.
Makhleb was exalted by your worship.
You were hungry.

You visited 3 branches of the dungeon, and saw 22 of its levels.
You also visited: Labyrinth.

You collected 1372 gold pieces.
You spent 154 gold pieces at shops.

Inventory:

Hand weapons
 m - a +0,+0 dwarven flail
 t - a +1,+3 whip of venom
 G - a +4,+0 anti-magic battleaxe
 P - a +1,+0 dwarven flail (weapon)
Missiles
 B - 2 javelins (quivered)
 U - a throwing net
Armour
 c - a +0 shield (worn)
 O - a +0 pair of dwarven boots (worn)
 S - a +0 plate armour (worn)
 X - a +2 helmet (worn)
Magical devices
 a - a wand of fire (6)
 g - a wand of draining (0)
 p - a wand of random effects (10)
 x - a wand of polymorph (10)
 y - a wand of fire (9)
 C - a wand of flame (15)
 H - a wand of confusion (6)
Comestibles
 l - 2 bread rations
 n - 4 meat rations
 w - 2 lychees
 I - 5 apples
 M - a pear
Scrolls
 b - a scroll of enchant weapon I
 d - 2 scrolls of fear
 i - 8 scrolls of remove curse
 j - a scroll of blinking
 k - 8 scrolls of identify
 s - 2 scrolls of fog
 F - a scroll of recharging
 Q - a scroll of enchant weapon II
 T - a scroll of summoning
Jewellery
 h - an amulet of conservation (around neck)
 r - an uncursed ring of ice
 A - a +3 ring of evasion (right hand)
 D - a +6 ring of strength (left hand)
 J - a +2 ring of protection
 N - a cursed ring of see invisible
Potions
 f - a potion of might
 q - 2 potions of speed
 v - a potion of restore abilities
 L - a potion of cure mutation
Books
 e - a book of Frost

   Spells                             Type                      Level
   Freeze                             Ice                          1
   Throw Frost                        Conjuration/Ice              2
   Ozocubu's Armour                   Charms/Ice                   3
   Throw Icicle                       Conjuration/Ice              4
   Summon Ice Beast                   Ice/Summoning                4
   Condensation Shield                Ice                          4
 u - a Necronomicon {highlevel}

   This book is beyond your current level of understanding.

   Spells                             Type                      Level
   Haunt                              Necromancy/Summoning         7
   Borgnjor's Revivification          Necromancy                   8
   Death's Door                       Charms/Necromancy            8
   Necromutation                      Transmutation/Necromancy     8
 K - a book of Death

   Spells                             Type                      Level
   Corpse Rot                         Necromancy                   2
   Sublimation of Blood               Necromancy                   2
   Agony                              Necromancy                   5
   Dispel Undead                      Necromancy                   5
   Excruciating Wounds                Charms/Necromancy            5
   Bolt of Draining                   Conjuration/Necromancy       5
 R - a book of Clouds

   Spells                             Type                      Level
   Mephitic Cloud                     Conjuration/Poison/Air       3
   Conjure Flame                      Conjuration/Fire             3
   Poisonous Cloud                    Conjuration/Poison/Air       6
   Freezing Cloud                     Conjuration/Ice/Air          6
   Ring of Flames                     Charms/Fire                  7
 V - a book of Enchantments

   Spells                             Type                      Level
   Cause Fear                         Hexes                        4
   Silence                            Hexes/Air                    5
   Tukima's Dance                     Hexes                        5
   Deflect Missiles                   Charms/Air                   6
   Haste                              Charms                       6
   Discord                            Hexes                        8


   Skills:
 + Level 14.8 Fighting
 - Level 16.0 Maces & Flails
 - Level 2.0 Throwing
 - Level 11.0 Armour
 - Level 5.1 Dodging
 - Level 10.0 Shields
 - Level 3.0 Invocations


You had 13 spell levels left.
You didn't know any spells.

Dungeon Overview and Level Annotations

Branches:
Dungeon (13/16)            Temple (1/1) D:7             Orc (0/4) D:11
   Lair (8/8) D:9           Swamp (0/5) Lair:3        Snake (0/5) Lair:6
  Slime: Lair:6-8

Altars:
Ashenzari
Cheibriados
Elyvilon
Fedhas
Kikubaaqudgha
Makhleb
Nemelex Xobeh
Okawaru
Sif Muna
Trog
Vehumet
Xom
Yredelemnul
Zin
the Shining One

Shops:
D:5 ?   D:9 *

Portals:
Ice
Cave: Lair:8

Annotations:
D:4 mopl's ghost, average DgTm
D:9 exclusion: orange crystal statue


Innate Abilities, Weirdness & Mutations

You are resistant to torment.
You are immune to poison.
You can fly continuously.
Your stone body is very resilient (AC +9).
Your wings are large and strong.
You resist negative energy.
You are resistant to electric shocks.
You can survive without breathing.
You are immune to petrification.
You have sharp toenails.
You are partially covered in iridescent scales (AC +4).
You are partially covered in molten scales (AC +1).
You are dopey. (Int -2)
You passively map a small area around you.
Your natural rate of healing is unusually fast.
You can spit poison.
Your spells are a little harder to cast, but a little more powerful.


Message History

You block the ice dragon's attack. The ice dragon barely misses you.
You block the ice dragon's attack.
You hit the ice dragon but do no damage.
The ice dragon is moderately wounded.
The ice dragon breathes frost at you. The blast of cold hits you!
You completely miss the ice dragon.
The ice dragon is moderately wounded.
The ice dragon breathes frost at you. The blast of cold hits you!
* * * LOW HITPOINT WARNING * * *
The ice dragon breathes frost at you. The blast of cold hits you!
* * * LOW HITPOINT WARNING * * *
You are knocked back by the blast of cold.
Drink which item? (? for menu, Esc to quit)
You feel better. The ice dragon breathes frost at you.
The blast of cold hits you!
You die...

###.......###.##**....,,,,,, *
##.f.......####Y###....#,,,,***
#...f.................##,,,,***
##..#f........U........#,,,*,**
#............D.........,,,,***
##....[...........####. ,*,**,
##....#.........###,**,,,,,,,
##..............P##.,,,,,,,,
###.........@.....P..,,, ,,,,
###................P...,,,,,, .
#.#................P...........
#................(.....<.......
##.............................
#.............................
#.....^.......................
#.............................
#*
#f............................


You could see an ice dragon, a polar bear and a yak.

Vanquished Creatures
  The ghost of quick the Geomancer, a powerful GrEE of Sif Muna (Lair:8)
  A minotaur (Lab)
  3 hydras
  3 death yaks (Lair:8)
  A catoblepas (Lair:7)
  2 centaur warriors
  An unseen horror (D:10)
  5 hill giants
  2 griffons
  A cyclops (shapeshifter) (D:13)
  7 elephants
  An eye of devastation (D:13)
  2 spriggan druids (Lair:8)
  4 black mambas
  An item mimic (Lair:6)
  8 spiny frogs
  11 spriggans
  2 fire drakes
  5 trolls
  10 giant fireflies (Lair:8)
  6 komodo dragons
  A two-headed ogre (D:8)
  A polar bear (Lair:8)
  10 blink frogs
  3 basilisks
  3 wraiths
  A shadow (D:13)
  10 ugly things (D:13)
  4 hippogriffs
  5 wyverns
  A griffon skeleton (D:13)
  6 grizzly bears (Lair:8)
  2 hungry ghosts (D:8)
  Eustachio (D:7)
  22 yaks
  2 elephant slugs
  A steam dragon (D:9)
  31 wolves
  4 vampire mosquitoes (D:13)
  Edmund (D:7)
  Menkaure (D:4)
  3 manticores
  4 porcupines
  4 swamp worms (Lair:3)
  2 ice beasts
  A necrophage (D:8)
  4 orc warriors
  5 black bears
  2 giant goldfish (D:6)
  3 phantoms
  13 centaurs
  6 ogres
  3 nagas (Lair:6)
  13 crocodiles
  Duvessa (D:4)
  A wyvern zombie (D:10)
  Blork the orc (D:7)
  2 elf zombies (D:13)
  6 giant slugs
  5 water moccasins
  3 big kobolds
  19 giant frogs
  2 troll zombies (D:13)
  5 wights
  11 jellies
  8 killer bees
  An electric eel (Lair:3)
  2 jellyfish (D:6)
  2 goliath beetles
  14 crimson imps
  12 hounds
  Dowan (D:4)
  A human zombie (D:13)
  4 orc priests
  A human skeleton (D:13)
  A giant frog skeleton (D:9)
  3 quasits
  6 scorpions
  2 big fish (Lair:3)
  6 orange rats
  8 orc wizards
  5 iguanas
  5 worker ants
  8 sheep (Lair:4)
  2 hound skeletons
  4 mummies
  18 adders
  7 giant centipedes
  8 gnolls
  25 green rats
  A steam dragon skeleton (D:9)
  4 giant mites
  5 worms
  A scorpion zombie (D:8)
  An adder skeleton (D:8)
  4 giant eyeballs
  5 giant geckos
  An ooze (D:1)
  37 orcs
  3 giant cockroaches
  22 hobgoblins
  20 jackals
  10 quokkas
  5 ball pythons
  25 bats
  A giant gecko skeleton (D:7)
  8 giant newts
  A giant spore (D:8)
  6 goblins
  A goblin skeleton (D:5)
  70 kobolds
  A kobold zombie (D:6)
  19 rats
  A rat skeleton (D:6)
  A plant (D:1)
713 creatures vanquished.

Vanquished Creatures (collateral kills)
  2 yaks (D:10)
2 creatures vanquished.

Vanquished Creatures (others)
  2 smoke demons
  A ynoxinul (D:13)
  A fungus (Lair:7)
  A plant (Lair:8)
5 creatures vanquished.

Grand Total: 720 creatures vanquished

Notes
Turn   | Place    | Note
--------------------------------------------------------------
     0 | D:1      | ReteAZ, the Gargoyle Gladiator, began the quest for the Orb.
     0 | D:1      | Reached XP level 1. HP: 12/12 MP: 1/1
   409 | D:1      | Reached XP level 2. HP: 17/17 MP: 2/2
   445 | D:1      | Reached skill level 4 in Maces & Flails
   618 | D:1      | Reached XP level 3. HP: 17/21 MP: 3/3
   901 | D:2      | Reached skill level 5 in Maces & Flails
  1165 | D:2      | Reached XP level 4. HP: 23/26 MP: 4/4
  1479 | D:2      | Found a sparkling altar of Nemelex Xobeh.
  1963 | D:3      | Reached skill level 6 in Maces & Flails
  1966 | D:3      | Reached XP level 5. HP: 16/30 MP: 5/5
  2709 | D:4      | Noticed mopl's ghost (average DgTm)
  2768 | D:4      | Reached skill level 7 in Maces & Flails
  2768 | D:4      | Reached XP level 6. HP: 35/35 MP: 6/6
  2782 | D:4      | Noticed Dowan
  2784 | D:4      | Noticed Duvessa
  2805 | D:4      | Killed Dowan
  2941 | D:4      | Found a deep blue altar of Sif Muna.
  3043 | D:4      | Killed Duvessa
  3043 | D:4      | Reached skill level 8 in Maces & Flails
  3210 | D:4      | Reached XP level 7. HP: 32/40 MP: 7/7
  3331 | D:4      | Noticed Menkaure
  3336 | D:4      | Paralysed by a potion of paralysis for 4 turns
  3344 | D:4      | Gained mutation: You are dopey. (Int -2) [potion of mutation]
  3344 | D:4      | Gained mutation: You passively map a small area around you. [potion of mutation]
  3344 | D:4      | Gained mutation: You can spit poison. [potion of mutation]
  3345 | D:4      | Gained mutation: You are partially covered in molten scales (AC +1). [potion of mutation]
  3345 | D:4      | Gained mutation: You have sharp toenails. [potion of mutation]
  3345 | D:4      | Gained mutation: You are partially covered in iridescent scales (AC +4). [potion of mutation]
  3346 | D:4      | Gained mutation: Your spells are a little harder to cast, but a little more powerful. [potion of mutation]
  3346 | D:4      | Gained mutation: Your natural rate of healing is unusually fast. [potion of mutation]
  3359 | D:4      | Killed Menkaure
  3359 | D:4      | Reached skill level 1 in Shields
  3440 | D:5      | Entered Level 5 of the Dungeon
  3529 | D:5      | Found an iron altar of Okawaru.
  3621 | D:5      | Reached skill level 9 in Maces & Flails
  3876 | D:5      | Reached XP level 8. HP: 33/44 MP: 8/8
  3903 | D:5      | Found Dabruefa's Magic Scroll Shoppe.
  3906 | D:5      | Bought a scroll of enchant weapon II for 77 gold pieces
  3906 | D:5      | Bought a scroll of recharging for 77 gold pieces
  4340 | D:6      | Reached skill level 10 in Maces & Flails
  4787 | D:6      | Reached skill level 11 in Maces & Flails
  4911 | D:6      | Reached skill level 5 in Shields
  4951 | D:6      | Reached XP level 9. HP: 39/48 MP: 9/9
  5410 | D:6      | Reached skill level 12 in Maces & Flails
  5531 | D:7      | Found a staircase to the Ecumenical Temple.
  5540 | Temple   | Entered the Ecumenical Temple
  5861 | D:7      | Noticed Eustachio
  5863 | D:7      | Noticed Edmund
  5883 | D:7      | Killed Eustachio
  5907 | D:7      | Killed Edmund
  6054 | D:7      | Noticed Blork the orc
  6074 | D:7      | Killed Blork the orc
  6186 | D:7      | Found a burning altar of Makhleb.
  6194 | D:7      | Became a worshipper of Makhleb the Destroyer
  6337 | D:8      | Reached skill level 5 in Armour
  6342 | D:8      | Noticed a spriggan baker
  6374 | D:8      | Killed a spriggan baker
  6523 | D:8      | Found a shimmering altar of Xom.
  6543 | D:8      | Reached XP level 10. HP: 53/53 MP: 10/10
  6721 | D:8      | Noticed a hill giant
  6776 | D:8      | Acquired Makhleb's first power
  7100 | D:8      | Killed a hill giant
  7324 | D:8      | Reached skill level 5 in Fighting
  7730 | D:8      | Acquired Makhleb's second power
  7981 | D:9      | Found a staircase to the Lair.
  7982 | D:9      | Noticed an elephant
  8031 | D:9      | Killed an elephant
  8031 | D:9      | Reached skill level 13 in Maces & Flails
  8175 | D:9      | Found an ancient bone altar of Kikubaaqudgha.
  8425 | D:9      | Found a sparkling altar of Nemelex Xobeh.
  8620 | D:9      | Paralysed by a giant eyeball for 4 turns
  8629 | D:9      | Paralysed by a giant eyeball for 3 turns
  8635 | D:9      | Acquired Makhleb's third power
  8692 | D:9      | Found Anoag's General Store.
  8774 | D:10     | Entered Level 10 of the Dungeon
  8794 | D:10     | Reached XP level 11. HP: 54/64 MP: 11/11
  8807 | D:10     | Reached skill level 14 in Maces & Flails
  9262 | D:10     | Acquired Makhleb's fourth power
  9557 | D:10     | Identified a scroll of acquirement
  9589 | D:11     | Noticed a hill giant
  9734 | D:10     | Killed a hill giant
  9811 | D:11     | Reached skill level 15 in Maces & Flails
  9889 | D:9      | Reached skill level 1 in Invocations
  9996 | D:10     | Killed an unseen horror
 10033 | D:11     | Noticed a hill giant
 10069 | D:11     | Killed a hill giant
 10169 | D:11     | Noticed a centaur warrior
 10195 | D:11     | Killed a centaur warrior
 10224 | D:11     | Acquired Makhleb's fifth power
 10423 | D:11     | Found a staircase to the Orcish Mines.
 10464 | D:11     | Reached skill level 10 in Armour
 10588 | D:11     | Noticed a four-headed hydra
 10618 | D:11     | Killed a four-headed hydra
 10848 | D:11     | Reached XP level 12. HP: 68/68 MP: 18/18
 10910 | D:11     | Paralysed by a giant eyeball for 3 turns
 10918 | D:11     | Paralysed by a giant eyeball for 3 turns
 11661 | D:12     | Found a bloodstained altar of Trog.
 12072 | D:13     | Found a basalt altar of Yredelemnul.
 12171 | D:13     | Reached skill level 16 in Maces & Flails
 13232 | Lair:1   | Entered Level 1 of the Lair of Beasts
 13257 | Lair:1   | Reached skill level 10 in Fighting
 13703 | Lair:1   | Reached XP level 13. HP: 82/82 MP: 19/19
 14304 | Lair:2   | Reached skill level 5 in Dodging
 15009 | Lair:3   | Found a staircase to the Swamp.
 16276 | Lair:5   | Found an iron altar of Okawaru.
 16382 | Lair:5   | Found a labyrinth entrance.
 16393 | Lab      | Entered a labyrinth
 16738 | Lab      | Noticed a minotaur
 16771 | Lab      | Killed a minotaur
 17198 | Lair:6   | Found a staircase to the Snake Pit.
 17965 | Lair:7   | Gained mutation: Your wings are large and strong. [gargoyle growth]
 17965 | Lair:7   | Reached XP level 14. HP: 94/94 MP: 20/20
 18059 | Lair:8   | Entered Level 8 of the Lair of Beasts
 18065 | Lair:8   | Noticed quick's ghost (powerful GrEE)
 18499 | Lair:8   | Reached skill level 10 in Shields
 19491 | Lair:8   | Killed quick's ghost
 19507 | Lair:8   | Found a frozen archway.
 19549 | Lair:8   | HP: 1/96 [ice dragon/blast of cold (21)]
 19553 | Lair:8   | Killed from afar by an ice dragon

Action                   |  1- 3 |  4- 6 |  7- 9 | 10-12 | 13-15 || total
-------------------------+-------+-------+-------+-------+-------++-------
Melee: Mace              |   152 |    64 |       |       |       ||   216
       Whip              |       |   149 |   741 |  1201 |       ||  2091
       Flail             |       |       |    37 |   722 |  1719 ||  2478
       Morningstar       |       |       |       |    16 |       ||    16
Throw: Javelin           |     3 |     5 |     6 |     6 |     4 ||    24
       Throwing net      |     1 |       |     5 |     4 |     1 ||    11
Invok: Lesser Servant of |       |       |       |     3 |       ||     3
 Abil: Spit Poison       |       |       |       |       |     1 ||     1
       Fly               |       |       |       |       |     1 ||     1
Evoke: Wand              |       |       |     1 |     3 |     3 ||     7
  Use: Potion            |       |       |     6 |     6 |     5 ||    17
       Scroll            |       |       |     3 |    25 |    14 ||    42
 Stab: Sleeping          |       |     1 |       |       |       ||     1
       Confused          |       |       |     1 |       |       ||     1
